 Dungeon Crawl Stone Soup version 0.26.1-10-gdfb7c7de75 (webtiles) character file.

Game seed: 4672950779360841184

622919 infcreate the Pulveriser (level 26, -5/177 HPs)
             Began as a Minotaur Gladiator on Apr 10, 2021.
             Was the Champion of Okawaru.
             Killed by divine providence
             ... invoked by a smoke demon
              (14 damage)
             ... on level 5 of the Abyss.
             The game lasted 04:50:59 (77104 turns).

infcreate the Pulveriser (Minotaur Gladiator)      Turns: 77104, Time: 04:51:00

Health: -5/177     AC: 44    Str: 29    XL:     26   Next: 56%
Magic:  22/22      EV: 34    Int: -4 (-2) God:    Okawaru [******]
Gold:   7903       SH:  0    Dex: 20    Spells: 25/25 levels left

rFire    + . .     SeeInvis .   v - +6 lajatang (vamp)
rCold    + . .     Faith    .   (shield currently unavailable)
rNeg     + + +     Spirit   .   c - +15 Maxwell's patent armour {-Cast -Tele rElec Will+ rCorr}
rPois    +         Reflect  .   u - +2 hat {Will+}
rElec    +         Harm     .   P - scarf {rC+ rF+}
rCorr    +         Rampage  .   s - +0 pair of gloves of Inquiry {rF+ rN+ Str+2}
Will     +++++     Clarity  +   d - +1 pair of boots of Zedycipi {rF- rN+++ rCorr Dex+4} Stlth ..........NoTele +
                                j - necklace of Bloodlust {*Rage +Rage Will++ Int-3 Slay+6 *Curse} (curse)
HPRegen  0.00/turn NoCast   +   E - +4 ring of evasion
MPRegen  0.18/turn              Z - ring of Xuliviet {rPois Str+2 Dex+6 Stlth-}

@: heroism, finesse, non-regenerating, mildly diseased, slowed, lost
intelligence, studying 2 skills, very slow
A: retaliatory headbutt, horns 2, repulsion field 1, [berserk 3], blurry vision
1[+2], clarity, clumsy 2, [deterioration 2], [dopey 2], [frail 3], [low mp 3],
sense surroundings 1, [screaming 1], [teleportitis 2], [weak 2], subdued magic
1[+2]
}: 4/15 runes: decaying, serpentine, slimy, silver
a: Renounce Religion, Evoke Berserk Rage, Heroism, Finesse


You were on level 5 of the Abyss.
You worshipped Okawaru.
Okawaru was exalted by your worship.
You visited 9 branches of the dungeon, and saw 49 of its levels.
You visited the Abyss 1 time.
You also visited: Trove, Gauntlet and Ice Cave.

You collected 10540 gold pieces.
You spent 2637 gold pieces at shops.


Innate Abilities, Weirdness & Mutations

You reflexively headbutt those who attack you in melee.
You have a pair of horns on your head.
You are surrounded by a mild repulsion field. (EV +2)
You possess an exceptional clarity of mind.
You are very clumsy. (Dex -4)
You passively map a small area around you.
[You have an uncontrollable temper.]
[Scrolls take you much longer to read.]
[Your body often deteriorates upon taking damage.]
[You are very dopey. (Int -4)]
[You are extremely frail. (-30% HP)]
[Your magical capacity is extremely low. (-30% MP)]
[You occasionally shout uncontrollably at your foes.]
[You are sometimes teleported next to monsters.]
[You are very weak. (Str -4)]
[Your spells are much easier to cast, but much less powerful.]


   Skills:
 * Level 24.1(27) Fighting
 * Level 24.2(27) Staves
 + Level 18.0(23.0) Throwing
 * Level 24.2(27) Armour
 * Level 22.9(27) Dodging
 + Level 14.3 Invocations


You had 25 spell levels left.
You didn't know any spells.
Your spell library contained the following spells:

 Spells                   Type           Power        Failure   Level
 Animate Skeleton         Necr           0%           85%         1
 Apportation              Tloc           0%           85%         1
 Beastly Appendage        Tmut           0%           85%         1
 Corona                   Hex            0%           85%         1
 Magic Dart               Conj           0%           85%         1
 Pain                     Necr           0%           85%         1
 Shock                    Conj/Air       0%           85%         1
 Summon Small Mammal      Summ           0%           85%         1
 Blink                    Tloc           N/A          94%         2
 Call Imp                 Summ           0%           94%         2
 Corpse Rot               Necr/Air       N/A          94%         2
 Passwall                 Tmut/Erth      0%           94%         2
 Poisonous Vapours        Pois/Air       0%           94%         2
 Searing Ray              Conj           0%           94%         2
 Slow                     Hex            0%           94%         2
 Swiftness                Air            0%           94%         2
 Wereblood                Tmut           0%           94%         2
 Confusing Touch          Hex            0%           99%         3
 Conjure Flame            Conj/Fire      0%           99%         3
 Dazzling Flash           Conj/Hex       0%           99%         3
 Gell's Gravitas          Tloc           0%           99%         3
 Ignite Poison            Fire/Tmut/Pois 0%           99%         3
 Inner Flame              Hex/Fire       0%           99%         3
 Lesser Beckoning         Tloc           0%           99%         3
 Mephitic Cloud           Conj/Pois/Air  0%           99%         3
 Portal Projectile        Hex/Tloc       0%           99%         3
 Spider Form              Tmut/Pois      0%           99%         3
 Static Discharge         Conj/Air       0%           99%         3
 Stone Arrow              Conj/Erth      0%           99%         3
 Vampiric Draining        Necr           0%           99%         3
 Airstrike                Air            0%           100%        4
 Animate Dead             Necr           0%           100%        4
 Cause Fear               Hex            0%           100%        4
 Fulminant Prism          Conj/Hex       0%           100%        4
 Ice Form                 Ice/Tmut       0%           100%        4
 Iskenderun's Mystic Bla  Conj/Tloc      0%           100%        4
 Petrify                  Tmut/Erth      0%           100%        4
 Agony                    Necr           0%           100%        5
 Blade Hands              Tmut           0%           100%        5
 Bolt of Magma            Conj/Fire/Erth 0%           100%        5
 Borgnjor's Vile Clutch   Necr/Erth      0%           100%        5
 Fireball                 Conj/Fire      0%           100%        5
 Irradiate                Conj/Tmut      0%           100%        5
 Iskenderun's Battlesphe  Conj           0%           100%        5
 Lightning Bolt           Conj/Air       0%           100%        5
 Metabolic Englaciation   Hex/Ice        0%           100%        5
 Silence                  Hex/Air        0%           100%        5
 Summon Forest            Summ/Tloc      0%           100%        5
 Yara's Violent Unravell  Hex/Tmut       0%           100%        5
 Conjure Ball Lightning   Conj/Air       0%           100%        6
 Death Channel            Necr           0%           100%        6
 Eringya's Noxious Bog    Tmut/Pois      0%           100%        6
 Freezing Cloud           Conj/Ice/Air   0%           100%        6
 Hydra Form               Tmut           0%           100%        6
 Iron Shot                Conj/Erth      0%           100%        6
 Ozocubu's Refrigeration  Ice            0%           100%        6
 Simulacrum               Ice/Necr       0%           100%        6
 Starburst                Conj/Fire      0%           100%        6
 Statue Form              Tmut/Erth      0%           100%        6
 Dragon Form              Tmut           0%           100%        7
 Malign Gateway           Summ/Tloc      0%           100%        7
 Monstrous Menagerie      Summ           0%           100%        7
 Orb of Destruction       Conj           0%           100%        7
 Spellforged Servitor     Conj/Summ      0%           100%        7
 Summon Greater Demon     Summ           0%           100%        7
 Summon Hydra             Summ           0%           100%        7
 Chain Lightning          Conj/Air       0%           100%        8
 Discord                  Hex            0%           100%        8
 Ignition                 Fire           0%           100%        8
 Lehudib's Crystal Spear  Conj/Erth      0%           100%        8
 Summon Horrible Things   Summ           0%           100%        8
 Absolute Zero            Ice            0%           100%        9
 Fire Storm               Conj/Fire      0%           100%        9

Inventory:

Hand Weapons
 v - a +6 vampiric lajatang (weapon)
 D - the +12 quarterstaff of Ugexyg {freeze, Int+3}
   (You found it on level 13 of the Dungeon)

   It has been specially enchanted to freeze those struck by it, causing extra
   injury to most foes and up to half again as much damage against particularly
   susceptible opponents.
   It can also slow down cold-blooded creatures.
   It affects your intelligence (+3).
 F - the +8 quarterstaff of Pamele {freeze, rElec rC- Int+3, unknown}
   (Okawaru gifted it to you on level 5 of the Abyss)

   It has been specially enchanted to freeze those struck by it, causing extra
   injury to most foes and up to half again as much damage against particularly
   susceptible opponents.
   It can also slow down cold-blooded creatures.
   It affects your intelligence (+3).
   It makes you vulnerable to cold.
   It insulates you from electricity.
 I - the +4 quarterstaff "Muchaitwa" {vorpal, rElec rN+ SInv}
   (Okawaru gifted it to you on level 2 of the Swamp)

   It inflicts extra damage upon your enemies.
   It insulates you from electricity.
   It protects you from negative energy.
   It lets you see invisible.
Missiles
 L - 11 silver javelins
 Q - 46 javelins (quivered)
Armour
 c - the +15 Maxwell's patent armour (worn) {-Cast -Tele rElec Will+ rCorr}
   (You found it in a treasure trove)

   It insulates you from electricity.
   It affects your willpower, your defense against some magical effects.
   It prevents spellcasting.
   It prevents most forms of teleportation.
   It provides partial protection from all sources of acid and corrosion.
 d - the +1 pair of boots of Zedycipi (worn) {rF- rN+++ rCorr Dex+4}
   (Okawaru gifted it to you on level 3 of the Swamp)

   It affects your dexterity (+4).
   It makes you vulnerable to fire.
   It renders you almost immune to negative energy.
   It provides partial protection from all sources of acid and corrosion.
 s - the +0 pair of gloves of Inquiry (worn) {rF+ rN+ Str+2}
   (You bought it in a shop on level 2 of the Vaults)

   It affects your strength (+2).
   It protects you from fire.
   It protects you from negative energy.
 u - a +2 hat of willpower (worn)
 G - a +10 plate armour
 P - a scarf of resistance (worn)
Jewellery
 f - an uncursed ring of protection from fire
 j - the cursed necklace of Bloodlust (around neck) {*Rage +Rage Will++ Int-3 Slay+6 *Curse}
   (You took it off a naga on level 3 of the Snake Pit)

   [amulet of nothing]

   It affects your intelligence (-3).
   It affects your accuracy and damage with ranged weapons and melee attacks
   (+6).
   It affects your willpower, your defense against some magical effects.
   It lets you go berserk.
   It may make you go berserk in combat.
   It curses itself when equipped.
   It has a curse placed upon it.
 r - the ring "Trusted Companion" {Str+6 Int+4}
   (You found it on level 2 of the Swamp)

   [ring of strength]

   It affects your strength (+6).
   It affects your intelligence (+4).
 E - a +4 ring of evasion (left hand)
 N - the ring "Giady" {*Contam rPois rCorr Int+3}
   (You took it off a deep elf death mage on level 3 of the Elven Halls)

   [ring of resist corrosion]

   It affects your intelligence (+3).
   It protects you from poison.
   It causes magical contamination when unequipped.
   It provides partial protection from all sources of acid and corrosion.
 V - an uncursed ring of willpower
 X - the amulet of Mekayf {Acrobat rC+++}
   (You found it on level 5 of the Lair of Beasts)

   [amulet of the acrobat]

   It helps you evade while moving and waiting.
   It renders you almost immune to cold.
 Z - the ring of Xuliviet (right hand) {rPois Str+2 Dex+6 Stlth-}
   (You took it off an ironbrand convoker on level 5 of the Vaults)

   [ring of dexterity]

   It affects your strength (+2).
   It affects your dexterity (+6).
   It protects you from poison.
   It makes you less stealthy.
Wands
 A - a wand of paralysis (7)
 C - a wand of digging (4)
Scrolls
 e - 27 scrolls of teleportation {@r4}
 i - 21 scrolls of remove curse {@r2}
 k - 6 scrolls of magic mapping
 m - a scroll of holy word
 o - 11 scrolls of fog
 t - 10 scrolls of fear
 x - 17 scrolls of identify {@r1}
 y - 11 scrolls of blinking
 H - 12 scrolls of immolation
 M - 2 scrolls of brand weapon
 O - 10 scrolls of amnesia
 T - 5 scrolls of summoning
Potions
 a - 5 potions of flight
 b - 28 potions of curing {@q1}
 h - 10 potions of haste {@q3}
 n - 8 potions of heal wounds {@q2}
 p - 3 potions of ambrosia
 q - 4 potions of mutation
 w - 3 potions of cancellation
 z - 4 potions of berserk rage {!q}
 B - 11 potions of might
 J - 6 potions of lignification
 K - 3 potions of invisibility
 S - 8 potions of attraction
Books
 g - a manual of Dodging {!d}
 l - a manual of Dodging {!d}
 R - a manual of Armour {!d}

Dungeon Overview and Level Annotations

Branches:
Dungeon (15/15)            Temple (0/1) D:7            Lair (6/6) D:11
  Swamp (4/4) Lair:3        Snake (4/4) Lair:3        Slime (5/5) Lair:5
    Orc (2/2) D:11            Elf (3/3) Orc:2        Vaults (5/5) D:13
  Crypt (0/3) Vaults:2     Depths (5/5) D:15            Zot (0/5) Depths:5
  IceCv (visited)         Gauntlet (visited)

Altars:
Ashenzari
Cheibriados
Elyvilon
Fedhas
Makhleb
Nemelex Xobeh
Okawaru
Qazlal
Vehumet
Xom
Yredelemnul
Zin
The Shining One
Beogh
Jiyva

Shops:
D:14 *   D:15 (*   Orc:1 (=(   Orc:2 *!(}   Elf:3 [   Snake:1 }==   Snake:4 (=(
Vaults:1 *   Vaults:2 [*[=*   Vaults:4 [   Vaults:5 :   Depths:4 !*

Portals:
Hell: Depths:1 Depths:2 Depths:3 Depths:4 Depths:5
Abyss: Swamp:3 Depths:1 Depths:4
Pandemonium: Depths:3
Ziggurat: Depths:1

▒.▒..▓▓..# ..
▒.▒..▓▓..##..
▒.)Z........ .
▒°....5...... .. ▒..
#.3▒▒..▒▒ .▒
....#55▒▒..▒▒..▒▒ .
.......h{.........
.........53.....h...
h░░..▒▒..▒▒@.▒▒..░ .
░.. ▒..▒▒..▒ ...
.......... ..
.............
.....▓▓......▒▒
..... .........
..........
X..X.......


You could see a starcursed mass, a thrashing horror, a smoke demon, 2 raiju, a
neqoxec, a +2 long sword of holy wrath, a quasit (summoned), a white imp
(summoned) and an ufetubus (summoned).


Message History

The quasit claws you but does no damage.
The smoke demon gestures at you. Something smites you!
* * * LOW HITPOINT WARNING * * *
The neqoxec gestures at you.
Something tries to feed on your intellect!
The +2 long sword of holy wrath hits you but does no damage.
The shadow slips into darkness.
The shadow flickers and vanishes!
Deactivating autopickup; reactivate with Ctrl-A.
The raiju completely misses you.
The quasit bites you but does no damage.
The quasit misses you. The quasit claws you.
* * * LOW HITPOINT WARNING * * *
The smoke demon barely misses you. You furiously retaliate!
You headbutt the smoke demon!
The smoke demon hits you but does no damage.
The smoke demon completely misses you.
A stone giant zombie comes into view.
The smoke demon gestures at you. Something smites you!
* * * LOW HITPOINT WARNING * * *
The +2 long sword of holy wrath completely misses you.
The raiju bursts into living lightning!
The living lightning misses you.
The raiju blinks!
The +2 long sword of holy wrath closely misses you.
A starcursed mass comes into view.
A thrashing horror comes into view. x2
The smoke demon gestures at you. Something smites you!
You die...

Skill      XL: |  1  2  3  4  5  6  7  8  9 10 11 12 13 14 15 16 17 18 19 20 21 22 23 24 25 26 |
---------------+-------------------------------------------------------------------------------+-----
Armour         | 1 2 3 4 5 6 8 9 10 12 13 14 15 16 17 18 19 20 21 22 23 24 | 24.2
Staves         | 4 5 6 7 9 10 11 12 13 14 15 16 17 18 19 20 21 22 23 24 | 24.2
Fighting       | 3 4 5 6 8 9 11 12 13 14 15 16 17 18 19 20 21 22 23 24 | 24.1
Dodging        | 4 5 7 8 9 10 11 12 13 14 15 16 17 18 19 20 21 22 | 22.9
Throwing       | 3 4 5 6 7 8 9 10 11 12 13 14 15 16 17 18 | 18.0
Invocations    | 1 3 5 6 7 8 9 10 11 12 13 14 | 14.3

Action                   |  1- 3 |  4- 6 |  7- 9 | 10-12 | 13-15 | 16-18 | 19-21 | 22-24 | 25-27 || total
-------------------------+-------+-------+-------+-------+-------+-------+-------+-------+-------++-------
Melee: Quarterstaff      |    78 |   140 |   266 |   657 |  1355 |   727 |  1498 |  1182 |   816 ||  6719
       Headbutt          |    10 |    23 |    52 |   159 |   386 |   223 |   491 |   473 |   363 ||  2180
       Staff             |       |       |       |     1 |       |       |       |       |       ||     1
       Lajatang          |       |       |       |       |       |     8 |       |    76 |   165 ||   249
Throw: Throwing net      |     3 |     1 |       |       |     2 |       |       |       |       ||     6
       Boomerang         |       |       |       |     6 |     2 |       |       |       |       ||     8
       Javelin           |       |       |       |       |       |     1 |    10 |    36 |    14 ||    61
Invok: Heroism           |       |       |     4 |     7 |    13 |     6 |     8 |    12 |     4 ||    54
       Finesse           |       |       |       |     4 |     4 |     1 |     4 |     9 |     4 ||    26
Evoke: Wand              |       |       |       |       |       |       |       |       |     1 ||     1
  Use: Scroll            |     1 |     5 |    12 |    13 |    15 |    20 |     8 |    14 |     9 ||    97
       Potion            |       |       |     1 |       |       |     1 |     1 |     1 |    11 ||    15
 Stab: Held in net/web   |     1 |       |       |       |       |       |       |       |       ||     1
       Confused          |       |       |       |       |       |     1 |       |       |       ||     1
       Distracted        |       |       |       |       |       |       |       |     1 |       ||     1
Armor: Leather armour    |     9 |       |       |       |       |       |       |       |       ||     9
       Scale mail        |    15 |       |       |       |       |    16 |       |       |       ||    31
       Plate armour      |     5 |    59 |    79 |   277 |   385 |    51 |   407 |   356 |   381 ||  2000
       Swamp dragon scal |       |       |       |       |       |   118 |    75 |       |       ||   193
       Skin              |       |       |       |       |       |       |       |       |     1 ||     1
Dodge: Dodged            |    33 |    43 |    58 |   185 |   542 |   482 |   933 |   811 |  1154 ||  4241
Block: Other             |       |    16 |    33 |    90 |   187 |    78 |       |       |       ||   404
       Reflection        |       |       |       |       |    17 |     6 |       |       |       ||    23

Levels and vault maps discovered:
D:1:      elethiomel_arrival_quiet, layout_loops_ring
D:2:      layout_basic, chequers_ecumenical_altar_island
D:3:      layout_basic, old_standard_altar, nicolae_overflow_hidden_temple
D:4:      minmay_octagon_keep, layout_loops_corners, cheibriados_altar_1,
          serial_aquarium, aquarium_bridge_square [aquarium_subvault_bridge,
          aquarium_subvault_balcony, aquarium_subvault_bridge,
          aquarium_subvault_window], aquarium_window_corridor_1,
          aquarium_window_2, aquarium_window_fake, aquarium_view_2c,
          aquarium_view_2b, gammafunk_ghost_smash
D:5:      layout_basic, kennysheep_generic_room_13
D:6:      layout_loops_cross, xom_teletrap_fun, okawaru_ov_weapons_minmay
D:7:      layout_loops_ring, minmay_temple_entry_poolview, ashenzari_altar_1,
          uniq_crazy_yiuf_cottage
D:8:      layout_loops_corners, grunt_temple_overflow_open, zin_academy,
          kennysheep_mini, elyvilon_altar_5, uniq_erica
D:9:      layout_rooms, nzn_random_ring
D:10:     layout_roguey, special_room [special_room_orc], minivault_10
D:11:     layout_gridville, lair_entry_dummy, orc_0_dummy,
          nicolae_trove_entry_path_of_doom, gammafunk_ghost_cemetery
D:12:     layout_big_octagon, basic_altar
D:13:     layout_basic, david_vaults_4
D:14:     layout_rooms, serial_park_tiny_2, bh_hangedman_babel_library
D:15:     hangedman_depths_entry_civil_slaughter, layout_rooms, serial_shops,
          nicolae_shop_crystal, nicolae_shop_statue_plus,
          minmay_increasing_density
Lair:1:   layout_roguey, grunt_megastairs_1, infiniplex_staircase_pool_2
Lair:2:   layout_loops_ring, beast_lair_carwin_2, serial_bayou_shore_a
Lair:3:   layout_regular_city, skrybe_swamp_entry_bodies,
          minmay_snake_entry_guardpost_large, gauntlet_entry_generic,
          grunt_forest_small_clearings, kennysheep_rathole, uniq_urug
Lair:4:   layout_loops_ring
Lair:5:   minmay_lair_venomous_thicket, layout_cave_shapes, slime_altar_1,
          portal_ice_cave_demonic_guard, minivault_26,
          chequers_serial_rivers_marsh, serial_bayou_crossing
Lair:6:   minmay_lair_end_frog_pond, layout_misc_corridors
Swamp:1:  layout_basic_swamp, evilmike_swamp_ruin_house_6, swamp_pool3
Swamp:2:  layout_basic_swamp, evilmike_swamp_ruin_wall
Swamp:3:  layout_basic_swamp, gammafunk_ghost_abyssal_escape,
          evilmike_swamp_ruin_house_5, swamp_pool1, uniq_jorgrun
Swamp:4:  swamp_basic_johnstein, layout_basic_swamp, infiniplex_staircase_pool
Snake:1:  layout_basic, minmay_shop_grove, lemuel_fruit_tree, grunt_megastairs_3
Snake:2:  layout_misc_corridors, grunt_megastairs_4, uniq_azrael
Snake:3:  nicolae_snake_nest, layout_layer_cave, uniq_agnes
Snake:4:  grunt_snake_rune_pools, layout_onion, minmay_shop_star, uniq_vashnia
Slime:1:  cheibrodos_slime_lost_civilization_3, layout_caves
Slime:2:  cheibrodos_slime_lost_civilization_10, layout_caves
Slime:3:  layout_caves
Slime:4:  layout_caves
Slime:5
Orc:1:    layout_caves, basic_altar, serial_shops, nicolae_shop_waterfront,
          nicolae_shop_statue_plus, shop, hangedman_minor_magic, uniq_josephine,
          uniq_maurice, uniq_nergalle
Orc:2:    st_orc_pillars, layout_diamond_mine, special_room, bh_open_orc_temple
Elf:1:    minmay_elf_arrival_plus, layout_gridlike,
          hangedman_elven_crosses_minicolossus, grunt_megastairs_2
Elf:2:    layout_geoelf_grid, serial_shops, shop, uniq_asterion
Elf:3:    elf_hall, layout_geoelf_castle, serial_shops,
          nicolae_shop_overgrown_old_shop, hex_large
Vaults:1: dpeg_vaults_monster_box, grunt_vaults_hallway_long,
          vaults_room_guarded_vault, grunt_vaults_diagonal,
          vaults_dpeg_encased_lava, nicolae_vaults_little_squares_6,
          nicolae_vaults_mini_display_case, nicolae_vaults_what_the_h,
          v_misc_15, v_misc_2, v_misc_8, layout_vaults_omnicross, serial_shops,
          shop
Vaults:2: hangedman_vaults_river_flow, minmay_crypt_entry_simple_corners,
          grunt_vaults_hallway_long, ontoclasm_vaults_hangar,
          ontoclasm_vaults_gateway, v_misc_9, ontoclasm_vaults_misaligned,
          hangedman_vaults_nails, vaults_room_grid, nicolae_vaults_asterisk,
          layout_vaults_omnigrid, serial_shops, shop, shop_fountains,
          shop_fountains, shop_coins, nicolae_shop_trees
Vaults:3: v_misc_22, v_misc_5, vaults_room_fours, grunt_vaults_hallway_short,
          nicolae_vaults_ninety_degrees, ontoclasm_vaults_misaligned,
          st_lattice, vaults_room_door_ring, nicolae_vaults_alarming,
          v_alt_pattern_3, layout_vaults_big_room
Vaults:4: nicolae_vaults_twisting_passages, v_misc_29, v_misc_3,
          hangedman_vaults_slice, v_misc_25,
          vaults_room_grunt_arrival_checkpoint, v_misc_22, v_rooms_6,
          vaults_room_ringed_pool, nicolae_vaults_little_squares_1,
          vaults_room_stairs_pillars, nicolae_vaults_gold_heap,
          layout_vaults_ring, serial_shops, shop
Vaults:5: uniq_bai_suzhen, uniq_xtahua
Depths:1: layout_cave_shapes, enter_ziggurat_d, roderic_serpentine_path,
          abyss_entry_small_statue_room, hell_entry, drop_trap,
          minmay_misc_feat_room, lightli_corner_chamber, serial_bayou_shore_b,
          firewood_loft, uniq_nikola
Depths:2: lightli_eight_chambers, layout_cave_pools, roderic_filled_cross,
          grunt_hell_entry_dis_mu, minmay_staircase_bubble
Depths:3: lemuel_traditional_vault, layout_basic, hell_entry,
          rand_demon_pan_entry_7, serial_bayou_pond_a, minmay_holes,
          infiniplex_staircase_zigzag_5, uniq_enchantress
Depths:4: evilmike_diamond_2, layout_gridlike, hell_entry,
          kennysheep_crisscross, abyss_entry_glasseish, lemuel_freeze_loot_1,
          infiniplex_staircase_split_hallway, minmay_shoptagon
Depths:5: grunt_zot_entry_pinwheel, layout_basic, hell_entry, roderic_lattice_a,
          chequers_serial_rivers_micro_b, serial_sigils_hangedman_quiver,
          serial_bayou_lagoon_b, uniq_frederick
Abyss:5:  base: D:12, evilmike_abyss_exit_chaos,
          evilmike_abyss_rune_siren_acolytes, abyss_exit_lava,
          hangedman_abyss_or_decor_stabs, hangedman_decor_lopped,
          guppyfry_abyss_exit_glass_guarded, evilmike_abyss_rune_tso_outpost,
          evilmike_abyss_exit_5, evilmike_abyss_exit_10,
          evilmike_abyss_rune_tso_outpost, evilmike_abyss_exit_10,
          evilmike_abyss_rune_tso_outpost, evilmike_abyss_exit_16,
          hangedman_abyss_or_decor_clamps, hangedman_abyss_feature_spike

Notes
Turn   | Place    | Note
-------+----------+-------------------------------------------
     0 | D:1      | infcreate the Minotaur Gladiator began the quest for the
                  | Orb.
     0 | D:1      | Reached XP level 1. HP: 18/18 MP: 0/0
   588 | D:1      | Reached XP level 2. HP: 25/25 MP: 1/1
   594 | D:1      | Reached skill level 1 in Armour
   996 | D:2      | Found a faded altar of an unknown god.
  1032 | D:2      | Reached skill level 4 in Staves
  1032 | D:2      | Reached XP level 3. HP: 30/30 MP: 2/2
  1579 | D:2      | Reached skill level 3 in Fighting
  2180 | D:2      | Reached skill level 2 in Armour
  2180 | D:2      | Reached XP level 4. HP: 35/38 MP: 3/3
  2371 | D:3      | You fall into a shaft and drop 3 floors!
  2375 | D:5      | Entered Level 5 of the Dungeon
  2390 | D:5      | Reached skill level 4 in Dodging
  2434 | D:4      | Reached XP level 5. HP: 42/45 MP: 4/4
  2558 | D:4      | Noticed an ogre
  2559 | D:4      | Noticed diana's ghost (amateur DsGl)
  2561 | D:4      | Noticed an ogre
  2562 | D:4      | Found a transporter.
  2585 | D:4      | Found a transporter.
  2711 | D:4      | Found a snail-covered altar of Cheibriados.
  2743 | D:3      | Found a stormy altar of Qazlal.
  3054 | D:3      | Found a basalt altar of Yredelemnul.
  3394 | D:4      | Reached skill level 3 in Armour
  3414 | D:4      | Reached skill level 4 in Fighting
  3414 | D:4      | Reached skill level 5 in Staves
  3414 | D:4      | Reached XP level 6. HP: 50/52 MP: 5/5
  4198 | D:5      | Reached skill level 3 in Throwing
  4275 | D:5      | Reached skill level 5 in Dodging
  4309 | D:5      | Noticed an ice beast
  4329 | D:5      | Killed an ice beast
  4330 | D:5      | Reached skill level 4 in Armour
  4330 | D:5      | Reached XP level 7. HP: 43/60 MP: 6/6
  4387 | D:5      | Reached skill level 5 in Fighting
  4967 | D:5      | Reached skill level 6 in Staves
  5471 | D:6      | Found an iron altar of Okawaru.
  5477 | D:6      | Became a worshipper of Warmaster Okawaru
  5501 | D:6      | Found a shimmering altar of Xom.
  6001 | D:7      | Reached skill level 5 in Armour
  6001 | D:7      | Reached XP level 8. HP: 69/69 MP: 7/7
  6069 | D:7      | Reached skill level 6 in Dodging
  6201 | D:7      | Found a broken altar of Ashenzari.
  6306 | D:7      | Found a runed translucent door.
  6307 | D:7      | Noticed Crazy Yiuf
  6312 | D:7      | Killed Crazy Yiuf
  6467 | D:7      | Reached skill level 6 in Fighting
  6497 | D:7      | Found a staircase to the Ecumenical Temple.
  6544 | D:8      | Found a burning altar of Makhleb.
  6569 | D:8      | Found a sparkling altar of Nemelex Xobeh.
  6595 | D:8      | Found a glowing silver altar of Zin.
  6617 | D:8      | Reached * piety under Okawaru
  6618 | D:8      | Reached skill level 7 in Staves
  6694 | D:8      | Reached skill level 4 in Throwing
  6780 | D:8      | Reached skill level 6 in Armour
  6886 | D:8      | Found a glowing golden altar of the Shining One.
  6886 | D:8      | Found a radiant altar of Vehumet.
  7090 | D:8      | Reached skill level 7 in Dodging
  7090 | D:8      | Reached XP level 9. HP: 74/78 MP: 8/8
  7105 | D:8      | Reached skill level 7 in Fighting
  7221 | D:8      | Found a white marble altar of Elyvilon.
  7227 | D:8      | Reached ** piety under Okawaru
  7334 | D:8      | Noticed Erica
  7352 | D:8      | Killed Erica
  7353 | D:8      | Reached skill level 8 in Staves
  7353 | D:8      | Reached skill level 7 in Armour
  7504 | D:8      | Found a blossoming altar of Fedhas.
  7782 | D:9      | Reached skill level 8 in Fighting
  7796 | D:9      | Reached skill level 8 in Dodging
  7826 | D:9      | Noticed a two-headed ogre
  7859 | D:9      | Killed a two-headed ogre
  7859 | D:9      | Reached *** piety under Okawaru
  7860 | D:9      | Reached skill level 9 in Staves
  7860 | D:9      | Reached skill level 5 in Throwing
  7860 | D:9      | Reached skill level 8 in Armour
  7860 | D:9      | Reached XP level 10. HP: 88/90 MP: 6/9
  7886 | D:9      | Received a gift from Okawaru
  7894 | D:9      | Noticed a fire crab
  7909 | D:9      | Noticed an orb spider
  7909 | D:9      | a fire crab changed into an orb spider
  8585 | D:9      | Reached **** piety under Okawaru
  8615 | D:9      | Killed an unseen horror
  8616 | D:9      | Reached skill level 9 in Fighting
  8871 | D:10     | Entered Level 10 of the Dungeon
  9576 | D:10     | Reached skill level 9 in Armour
  9576 | D:10     | Reached skill level 9 in Dodging
  9765 | D:11     | Noticed a four-headed hydra
  9773 | D:11     | Killed a four-headed hydra
  9774 | D:11     | Reached skill level 10 in Staves
  9875 | D:11     | Noticed a white ugly thing
  9892 | D:11     | Killed a white ugly thing
  9892 | D:11     | Reached ***** piety under Okawaru
 10171 | D:11     | Found a runed translucent gate.
 10181 | D:11     | Found a runed translucent gate.
 10182 | D:11     | Found a runed translucent gate.
 10183 | D:11     | Noticed MajorAdolf's ghost (journeyman NaWn)
 10192 | D:11     | Received a gift from Okawaru
 10193 | D:11     | Noticed Jaiteiro's ghost (journeyman GrBe)
 10193 | D:11     | Noticed Cokeysmoke's ghost (journeyman GnWn)
 10193 | D:11     | Noticed mavignon's ghost (journeyman VSBe)
 10447 | D:4      | Killed diana's ghost
 10455 | D:4      | Reached XP level 11. HP: 99/99 MP: 7/10
 10621 | D:11     | Found a staircase to the Orcish Mines.
 10628 | D:10     | Reached skill level 6 in Throwing
 10678 | D:10     | Killed an unseen horror
 10678 | D:10     | Received a gift from Okawaru
 10679 | D:10     | Reached skill level 10 in Fighting
 11305 | D:11     | Reached skill level 10 in Armour
 11489 | D:11     | Noticed a boulder beetle
 11523 | D:11     | Killed a boulder beetle
 11524 | D:11     | Reached skill level 10 in Dodging
 11548 | D:11     | Received a gift from Okawaru
 11549 | D:11     | Reached skill level 11 in Staves
 11583 | D:11     | Killed an unseen horror
 11804 | D:11     | Killed an unseen horror
 11954 | D:11     | Found a staircase to the Lair.
 12054 | D:11     | Found a portal to a secret trove of treasure.
 12466 | Lair:1   | Entered Level 1 of the Lair of Beasts
 12697 | Lair:1   | Reached skill level 11 in Fighting
 13024 | Lair:1   | Received a gift from Okawaru
 13025 | Lair:1   | Got a bloodstained cloak {god gift}
 13036 | Lair:1   | Identified the +0 cloak "Dirutorgh" {rN++} (Okawaru gifted
                  | it to you on level 1 of the Lair of Beasts)
 13498 | Lair:2   | Reached XP level 12. HP: 106/110 MP: 11/11
 13498 | Lair:2   | Noticed a seven-headed hydra
 13510 | Lair:2   | Killed a seven-headed hydra
 13511 | Lair:2   | Reached skill level 11 in Armour
 13530 | Lair:2   | Reached skill level 7 in Throwing
 13845 | Lair:2   | Noticed a boulder beetle
 13856 | Lair:2   | Killed a boulder beetle
 13857 | Lair:2   | Reached skill level 11 in Dodging
 13906 | Lair:2   | Reached skill level 12 in Staves
 14654 | Lair:3   | Found a gate leading to a gauntlet.
 14668 | Gauntlet | Entered a Gauntlet
 14668 | Gauntlet | Found a transporter.
 14670 | Gauntlet | Noticed a tengu warrior
 14675 | Gauntlet | Found a transporter.
 14678 | Gauntlet | Found a transporter.
 14689 | Gauntlet | Found a transporter.
 14692 | Gauntlet | Found a transporter.
 14706 | Gauntlet | Found a transporter.
 14719 | Gauntlet | Found a transporter.
 14720 | Gauntlet | Noticed a dire elephant
 14727 | Gauntlet | Noticed a death scarab
 14730 | Gauntlet | Noticed a death scarab
 14731 | Gauntlet | Found a transporter.
 14742 | Gauntlet | Found a runed translucent gate.
 14743 | Gauntlet | Found a transporter.
 14743 | Gauntlet | Found a runed translucent gate.
 14744 | Gauntlet | Found a runed translucent gate.
 14757 | Gauntlet | Found a transporter.
 14757 | Gauntlet | Found a transporter.
 14784 | Gauntlet | Found a transporter.
 14786 | Gauntlet | Found a transporter.
 14841 | Gauntlet | Found a transporter.
 14945 | Gauntlet | Killed a tengu warrior
 14952 | Gauntlet | Got a sparkling crystal amulet
 14955 | Gauntlet | Identified the amulet "Amic" {Faith +Fly MP+9 Stlth-} (You
                  | found it in a Gauntlet)
 15049 | Gauntlet | Got a pair of shimmering gloves
 15060 | Gauntlet | Identified the cursed +0 pair of gloves of the Louse {MP+9}
                  | (You found it in a Gauntlet)
 15091 | Gauntlet | Noticed a minotaur
 15112 | Gauntlet | Killed a minotaur
 15112 | Gauntlet | Received a gift from Okawaru
 15113 | Gauntlet | Reached skill level 12 in Fighting
 15427 | Lair:3   | Found a staircase to the Swamp.
 15538 | Lair:3   | Received a gift from Okawaru
 15539 | Lair:3   | Reached skill level 12 in Armour
 15629 | Lair:3   | Reached skill level 1 in Invocations
 15898 | Lair:3   | Found a staircase to the Snake Pit.
 15971 | Lair:3   | Received a gift from Okawaru
 16191 | Lair:3   | Reached XP level 13. HP: 119/119 MP: 13/13
 16218 | Lair:3   | Noticed Urug
 16233 | Lair:3   | Killed Urug
 17059 | Lair:4   | Reached skill level 2 in Invocations
 17080 | Lair:4   | Reached skill level 13 in Staves
 17080 | Lair:4   | Reached skill level 12 in Dodging
 17149 | Lair:4   | Reached skill level 8 in Throwing
 17446 | Lair:4   | You fall into a shaft and drop 2 floors!
 17446 | Lair:6   | Entered Level 6 of the Lair of Beasts
 17451 | Lair:6   | Reached ****** piety under Okawaru
 17470 | Lair:5   | Received a gift from Okawaru
 17525 | Lair:5   | Reached skill level 13 in Fighting
 17525 | Lair:5   | Reached skill level 3 in Invocations
 17554 | Lair:5   | Found a frozen archway.
 17757 | IceCv    | Entered an ice cave
 18396 | Lair:5   | Reached skill level 13 in Armour
 18792 | Lair:5   | Got a clouded copper amulet
 18793 | Lair:5   | Identified the amulet of Mekayf {Acrobat rC+++} (You found
                  | it on level 5 of the Lair of Beasts)
 18794 | Lair:5   | Found a viscous altar of Jiyva.
 18794 | Lair:5   | Found a staircase to the Slime Pits.
 19478 | Lair:6   | Reached XP level 14. HP: 112/129 MP: 15/15
 19525 | Lair:6   | Received a gift from Okawaru
 19598 | Lair:6   | Received a gift from Okawaru
 19599 | Lair:6   | Reached skill level 14 in Staves
 19599 | Lair:6   | Reached skill level 4 in Invocations
 19646 | Lair:6   | Reached skill level 13 in Dodging
 20342 | Lair:6   | Reached skill level 14 in Fighting
 20524 | Lair:6   | Reached skill level 9 in Throwing
 20785 | Lair:6   | Reached skill level 14 in Armour
 21092 | Lair:6   | Found the +8 longbow "Zephyr" {speed, Dex+3 SInv}
 21097 | Lair:6   | Got a heavily runed crystal amulet
 21119 | Lair:6   | Identified the amulet "Cab Uprol" {Faith +Inv} (You found
                  | it on level 6 of the Lair of Beasts)
 21476 | D:10     | Killed Jaiteiro's ghost
 21644 | D:10     | Killed mavignon's ghost
 21652 | D:10     | Killed MajorAdolf's ghost
 21789 | D:11     | Killed Cokeysmoke's ghost
 21790 | D:11     | Reached skill level 5 in Invocations
 21841 | Orc:1    | Entered Level 1 of the Orcish Mines
 21841 | Orc:1    | Found a roughly hewn altar of Beogh.
 21941 | Orc:1    | Noticed Josephine
 22020 | Orc:1    | Noticed Nergalle
 22143 | D:11     | Killed Josephine
 22248 | D:11     | Killed Nergalle
 22328 | Orc:1    | Found Zavuse Leuwk's Jewellery Boutique.
 22599 | Orc:1    | Noticed Maurice
 22610 | Orc:1    | Killed Maurice
 22610 | Orc:1    | Received a gift from Okawaru
 22793 | Orc:1    | Got a glimmering hat
 22883 | Orc:1    | Found Peiseri's Antique Weapon Emporium.
 22975 | Orc:1    | Found Nesecutu's Antique Weapon Shoppe.
 22993 | Orc:1    | Identified the +0 hat of Jigsaw {Regen+} (You found it on
                  | level 1 of the Orcish Mines)
 23377 | Orc:2    | Entered Level 2 of the Orcish Mines
 23379 | Orc:2    | Noticed a stone giant
 23450 | Orc:1    | Killed a stone giant
 23451 | Orc:1    | Reached XP level 15. HP: 67/139 MP: 9/17
 23765 | Orc:2    | Found a staircase to the Elven Halls.
 24033 | Orc:1    | Received a gift from Okawaru
 24147 | Orc:2    | Reached skill level 15 in Staves
 24286 | Orc:2    | Received a gift from Okawaru
 24446 | Orc:2    | Reached skill level 14 in Dodging
 24634 | Orc:2    | Received a gift from Okawaru
 24637 | Orc:2    | Got a fine cloak {god gift}
 24648 | Orc:2    | Identified the +0 cloak of Zuattoff {-Cast rC+ Int+4}
                  | (Okawaru gifted it to you on level 2 of the Orcish Mines)
 24701 | Orc:2    | Found Otenaaci's Distillery.
 24702 | Orc:2    | Found Jikkucs's General Store.
 24705 | Orc:2    | Found Mucaur's Weapon Shop.
 24706 | Orc:2    | Found Quip's Gadget Boutique.
 24864 | Orc:2    | Found a roughly hewn altar of Beogh.
 25225 | D:12     | Found a shimmering altar of Xom.
 25322 | D:12     | Reached skill level 15 in Fighting
 25870 | D:13     | Got a bloodstained quarterstaff
 25872 | D:13     | Identified the +12 quarterstaff of Ugexyg {freeze, Int+3}
                  | (You found it on level 13 of the Dungeon)
 26299 | D:13     | Found a gate to the Vaults.
 26626 | D:14     | Reached skill level 6 in Invocations
 26636 | D:14     | Reached skill level 15 in Armour
 26910 | D:14     | Identified the Catalogue of Axaxaxas mlö
 26965 | D:14     | Identified the Incunabulum of Plaster Cramp
 26972 | D:14     | Identified Ts'ui Pên's Papyrus of Forking Paths
 27069 | D:14     | Received a gift from Okawaru
 27269 | D:15     | Entered Level 15 of the Dungeon
 27343 | D:15     | Received a gift from Okawaru
 27346 | D:15     | Got an iridescent quarterstaff {god gift}
 27352 | D:15     | Identified the +6 quarterstaff "Boby" {vorpal, +Rage rC+}
                  | (Okawaru gifted it to you on level 15 of the Dungeon)
 27460 | D:15     | Reached skill level 10 in Throwing
 27571 | D:15     | Found Ocsusu's Assorted Antiques.
 27618 | D:15     | Reached XP level 16. HP: 114/149 MP: 19/19
 27803 | D:15     | Found Joixil's Weapon Shoppe.
 27984 | D:15     | Reached skill level 16 in Staves
 28046 | D:15     | Found a staircase to the Depths.
 28684 | Swamp:1  | Entered Level 1 of the Swamp
 28719 | Swamp:1  | Received a gift from Okawaru
 28811 | Swamp:1  | Received a gift from Okawaru
 29299 | Swamp:1  | Reached skill level 15 in Dodging
 29511 | Swamp:2  | Got a scorched turquoise ring
 29513 | Swamp:2  | Identified the ring "Trusted Companion" {Str+6 Int+4} (You
                  | found it on level 2 of the Swamp)
 29592 | Swamp:2  | Noticed a thorn hunter
 29659 | Swamp:2  | Reached skill level 16 in Fighting
 29703 | Swamp:2  | Killed a thorn hunter
 29703 | Swamp:2  | Received a gift from Okawaru
 29706 | Swamp:2  | Got a translucent quarterstaff {god gift}
 29707 | Swamp:2  | Identified the +4 quarterstaff "Muchaitwa" {vorpal, rElec
                  | rN+ SInv} (Okawaru gifted it to you on level 2 of the
                  | Swamp)
 29885 | Swamp:3  | Noticed Jorgrun
 29899 | Swamp:3  | Killed Jorgrun
 29924 | Swamp:3  | Reached skill level 7 in Invocations
 29984 | Swamp:3  | Noticed a profane servitor
 29992 | Swamp:3  | Identified the cursed +1 lajatang of the Blessed Realm
                  | {distort, rF- rC+ rN++ Str+4}
 30002 | Swamp:3  | Found a transporter.
 30022 | Swamp:3  | Noticed nightchill's ghost (adept GrIE)
 30025 | Swamp:3  | Found a one-way gate to the infinite horrors of the Abyss.
 30077 | Swamp:3  | Found a transporter.
 30297 | Swamp:3  | Reached skill level 16 in Armour
 30779 | Swamp:4  | Entered Level 4 of the Swamp
 31395 | Swamp:4  | Received a gift from Okawaru
 31456 | Swamp:4  | Received a gift from Okawaru
 31484 | Swamp:4  | Reached XP level 17. HP: 158/159 MP: 18/21
 31792 | Swamp:4  | Reached skill level 17 in Staves
 31809 | Swamp:4  | Got a decaying rune of Zot
 32020 | Swamp:3  | Received a gift from Okawaru
 32418 | Snake:1  | Entered Level 1 of the Snake Pit
 32466 | Snake:1  | Received a gift from Okawaru
 32744 | Snake:1  | Received a gift from Okawaru
 32747 | Snake:1  | Got a pair of faintly glowing gloves {god gift}
 32758 | Snake:1  | Identified the +0 pair of gloves of Watchfulness {rN+ Str-3
                  | SInv} (Okawaru gifted it to you on level 1 of the Snake
                  | Pit)
 32866 | Snake:1  | Identified a potion of resistance
 32886 | Snake:1  | Identified a potion of experience
 32887 | Snake:1  | Reached skill level 17 in Fighting
 32887 | Snake:1  | Reached skill level 11 in Throwing
 32887 | Snake:1  | Reached skill level 16 in Dodging
 32887 | Snake:1  | Reached skill level 8 in Invocations
 32887 | Snake:1  | Reached XP level 18. HP: 169/169 MP: 21/23
 32959 | Snake:1  | Found Pavomiet's Gadget Boutique.
 32959 | Snake:1  | Found Eloasicu's Jewellery Shoppe.
 32959 | Snake:1  | Found Lycheil's Jewellery Shoppe.
 33391 | Snake:2  | Reached skill level 17 in Armour
 33533 | Snake:2  | Identified a scarf of resistance (You found it on level 2
                  | of the Snake Pit)
 34077 | Snake:2  | Noticed Azrael
 34099 | Snake:2  | Killed Azrael
 34286 | Snake:3  | Noticed Agnes
 34294 | Snake:3  | Killed Agnes
 35494 | Snake:4  | Entered Level 4 of the Snake Pit
 35749 | Snake:4  | Found Vuhar's Weapon Shop.
 35755 | Snake:4  | Found Doinn's Jewellery Boutique.
 35757 | Snake:4  | Found Por Voto's Antique Weapon Shop.
 36309 | Snake:4  | Noticed Vashnia
 36348 | Snake:4  | Reached XP level 19. HP: 116/178 MP: 24/24
 36377 | Snake:4  | Killed Vashnia
 36378 | Snake:4  | Reached skill level 18 in Staves
 36969 | Snake:4  | Received a gift from Okawaru
 37435 | Snake:4  | Reached skill level 9 in Invocations
 37442 | Snake:4  | Reached skill level 18 in Fighting
 37782 | Snake:4  | Reached skill level 17 in Dodging
 38188 | Snake:4  | Received a gift from Okawaru
 38341 | Snake:4  | Got a serpentine rune of Zot
 38642 | Vaults:1 | Entered Level 1 of the Vaults
 38703 | Vaults:1 | You fall into a shaft and drop 1 floor!
 38719 | Vaults:2 | Reached skill level 18 in Armour
 39610 | Vaults:1 | Found Ugynely's Assorted Antiques.
 40119 | Vaults:1 | Reached skill level 12 in Throwing
 40120 | Vaults:1 | Received a gift from Okawaru
 40199 | Vaults:1 | Reached XP level 20. HP: 189/189 MP: 26/26
 40208 | Vaults:1 | Received a gift from Okawaru
 40664 | Vaults:2 | Reached skill level 19 in Staves
 41162 | Vaults:2 | Found a staircase to the Crypt.
 41190 | Vaults:2 | Found Xoxeg's Jewellery Shoppe.
 41678 | Vaults:2 | Reached skill level 19 in Fighting
 41743 | Vaults:2 | Found Pytod's Assorted Antiques.
 41778 | Vaults:2 | Found Uxodwu's Armour Boutique.
 41843 | Vaults:2 | Found Rafiqune's Antique Armour Boutique.
 41873 | Vaults:2 | Bought shiny ice dragon scales for 1953 gold pieces
 41873 | Vaults:2 | Bought a pair of warped gloves for 294 gold pieces
 41906 | Vaults:2 | Identified a scroll of acquirement
 41906 | Vaults:2 | Acquired a +2 hat of willpower
 41929 | Vaults:2 | Identified the +0 pair of gloves of Inquiry {rF+ rN+ Str+2}
                  | (You bought it in a shop on level 2 of the Vaults)
 42315 | Vaults:2 | Found Paptek's General Store.
 42506 | Vaults:3 | Reached skill level 10 in Invocations
 42758 | Vaults:3 | Reached skill level 18 in Dodging
 43208 | Vaults:3 | Acquired a +2 vampiric lajatang
 43225 | Vaults:3 | Reached skill level 19 in Armour
 43248 | Vaults:3 | Received a gift from Okawaru
 43815 | Vaults:3 | Acquired a manual of Throwing
 45006 | Vaults:4 | Found Reeskass's Antique Armour Shoppe.
 45065 | Vaults:4 | Reached XP level 21. HP: 195/199 MP: 27/27
 46118 | Depths:1 | Entered Level 1 of the Depths
 46118 | Depths:1 | Noticed Nikola
 46118 | Depths:1 | Identified a +0 buckler of resistance
 46179 | D:15     | Received a gift from Okawaru
 46309 | D:15     | Reached skill level 13 in Throwing
 46750 | Depths:1 | Killed Nikola
 46751 | Depths:1 | Reached skill level 20 in Staves
 47181 | Depths:1 | Found a gateway to Hell.
 47430 | Depths:1 | Found a gateway to a ziggurat.
 47552 | Depths:1 | Reached skill level 20 in Fighting
 49524 | Swamp:3  | Received a gift from Okawaru
 49550 | Swamp:3  | Killed nightchill's ghost
 49551 | Swamp:3  | Reached skill level 20 in Armour
 49606 | Swamp:3  | Killed a profane servitor
 49607 | Swamp:3  | Reached skill level 19 in Dodging
 49607 | Swamp:3  | Reached skill level 11 in Invocations
 49643 | Swamp:3  | Got a pair of polished boots {god gift}
 49654 | Swamp:3  | Identified the +1 pair of boots of Zedycipi {rF- rN+++
                  | rCorr Dex+4} (Okawaru gifted it to you on level 3 of the
                  | Swamp)
 49685 | Swamp:3  | Got an ichor-stained cloak
 49686 | Swamp:3  | Identified the cursed +0 cloak of Polish {MP+9} (You found
                  | it on level 3 of the Swamp)
 49975 | Depths:2 | Found a large runed translucent door.
 49975 | Depths:2 | Found a large runed translucent door.
 51463 | Depths:1 | Reached XP level 22. HP: 171/210 MP: 29/29
 52316 | Depths:2 | Reached skill level 14 in Throwing
 52540 | Depths:2 | Received a gift from Okawaru
 52571 | Depths:2 | Got a pair of transparent boots {god gift}
 52572 | Depths:2 | Identified the +0 pair of boots of Fuonity {Int+2} (Okawaru
                  | gifted it to you on level 2 of the Depths)
 53815 | Depths:3 | Identified a +1 robe of the Archmagi
 53840 | Depths:3 | Noticed the Enchantress
 53851 | Depths:3 | Killed the Enchantress
 54283 | Depths:3 | Reached skill level 21 in Staves
 54678 | Depths:3 | Found a one-way gate leading to the halls of Pandemonium.
 55425 | Depths:3 | Noticed a caustic shrike
 55429 | Depths:3 | Killed a caustic shrike
 55599 | Depths:3 | Noticed a golden dragon
 55622 | Depths:3 | Reached skill level 21 in Fighting
 55628 | Depths:3 | Killed a golden dragon
 55628 | Depths:3 | Received a gift from Okawaru
 55870 | Depths:3 | Received a gift from Okawaru
 55870 | Depths:3 | Noticed a golden dragon
 55879 | Depths:3 | Killed a golden dragon
 55882 | Depths:3 | Received a gift from Okawaru
 55895 | Depths:3 | Noticed a juggernaut
 55902 | Depths:3 | Killed a juggernaut
 55902 | Depths:3 | Received a gift from Okawaru
 55902 | Depths:3 | Received a gift from Okawaru
 55903 | Depths:3 | Reached skill level 21 in Armour
 55906 | Depths:3 | Got a twisted quarterstaff {god gift}
 55911 | Depths:3 | Paralysed by a floating eye for 4 turns
 55917 | Depths:3 | Identified the +7 quarterstaff of Wounding {protect, rElec}
                  | (Okawaru gifted it to you on level 3 of the Depths)
 56020 | Depths:3 | Reached XP level 23. HP: 212/220 MP: 30/30
 56491 | Depths:4 | Found Gybio's Assorted Antiques.
 56491 | Depths:4 | Found Ygimica's Distillery.
 57329 | Depths:4 | Reached skill level 15 in Throwing
 57333 | Depths:4 | Paralysed by a floating eye for 3 turns
 57346 | Depths:4 | Reached skill level 20 in Dodging
 57396 | Depths:4 | Received a gift from Okawaru
 57397 | Depths:4 | Reached skill level 12 in Invocations
 57399 | Depths:4 | Got a fine quarterstaff {god gift}
 57400 | Depths:4 | Identified the +6 quarterstaff "Iqud" {venom, rF+} (Okawaru
                  | gifted it to you on level 4 of the Depths)
 58772 | Depths:5 | Entered Level 5 of the Depths
 58784 | Depths:4 | Received a gift from Okawaru
 60015 | Depths:5 | Found a gate to the Realm of Zot.
 60441 | Depths:5 | Noticed Frederick
 60454 | Depths:5 | Killed Frederick
 60465 | Depths:5 | Reached skill level 22 in Staves
 61344 | Depths:4 | Bought 2 potions of resistance for 260 gold pieces
 61613 | Orc:2    | Bought a potion of resistance for 130 gold pieces
 61710 | D:11     | You paid a toll of 5 potions of resistance to enter a
                  | treasure trove
 61711 | Trove    | Entered a treasure trove
 61717 | Trove    | Found the +15 Maxwell's patent armour {-Cast -Tele rElec
                  | Will+ rCorr}
 62082 | Vaults:5 | Entered Level 5 of the Vaults
 62087 | Vaults:5 | Noticed Bai Suzhen
 62116 | Vaults:5 | Killed Bai Suzhen
 62175 | Vaults:5 | Received a gift from Okawaru
 62176 | Vaults:5 | Reached skill level 22 in Fighting
 62199 | Vaults:5 | Reached XP level 24. HP: 105/231 MP: 3/31
 62322 | Vaults:5 | Received a gift from Okawaru
 62335 | Vaults:5 | Identified the ring of the Greedy {rElec rPois rF+ Str-5
                  | SInv}
 62338 | Vaults:5 | Identified the +3 flail of Power {freeze, *Contam rPois rC-
                  | rN+++}
 62348 | Vaults:5 | Reached skill level 16 in Throwing
 62348 | Vaults:5 | Reached skill level 22 in Armour
 62350 | Vaults:5 | Identified the +3 hunting sling of Glory {freeze, rElec}
 62615 | Vaults:5 | Found Qipref's Book Boutique.
 62843 | Vaults:5 | Identified the ring of Xuliviet {rPois Str+2 Dex+6 Stlth-}
 63024 | Vaults:5 | Reached skill level 21 in Dodging
 63512 | Vaults:5 | Identified the +8 lajatang of Zazoba {antimagic, rPois}
 63738 | Vaults:5 | Reached skill level 13 in Invocations
 63857 | Vaults:5 | Received a gift from Okawaru
 64149 | Vaults:5 | Identified the +4 rapier "Emiorimn" {vorpal, Dex+3}
 64187 | Vaults:5 | Identified a scarf of resistance (You found it on level 5
                  | of the Vaults)
 64384 | Vaults:5 | Noticed Xtahua
 64396 | Vaults:5 | Killed Xtahua
 64588 | Vaults:5 | Got a silver rune of Zot
 65488 | Slime:1  | Entered Level 1 of the Pits of Slime
 65841 | Slime:1  | Gained mutation: You expend magic power (3 MP) to
                  | strengthen your wands. [a shining eye]
 66523 | Slime:1  | Received a gift from Okawaru
 66786 | Slime:2  | Received a gift from Okawaru
 67258 | Slime:2  | Received a gift from Okawaru
 67573 | Slime:3  | Reached XP level 25. HP: 240/240 MP: 20/31
 67882 | Slime:3  | Reached skill level 23 in Staves
 68572 | Slime:4  | Reached skill level 17 in Throwing
 68592 | Slime:4  | Gained mutation: [You are dopey. (Int -2)] [a shining eye]
 68793 | Slime:4  | Gained mutation: [Scrolls take you a little longer to
                  | read.] [a shining eye]
 68821 | Slime:4  | Reached skill level 23 in Fighting
 68850 | Slime:4  | Gained mutation: Armour fits poorly on your strangely
                  | shaped body. [a shining eye]
 68856 | Slime:4  | Lost mutation: [You are dopey. (Int -2)] [potion of
                  | mutation]
 68856 | Slime:4  | Lost mutation: You expend magic power (3 MP) to strengthen
                  | your wands. [potion of mutation]
 68856 | Slime:4  | Gained mutation: You are robust. (+10% HP) [potion of
                  | mutation]
 68856 | Slime:4  | Gained mutation: Your muscles are strong. (Str +2) [potion
                  | of mutation]
 68857 | Slime:4  | Lost mutation: You are robust. (+10% HP) [potion of
                  | mutation]
 68857 | Slime:4  | Lost mutation: Your muscles are strong. (Str +2) [potion of
                  | mutation]
 68857 | Slime:4  | Lost mutation: Armour fits poorly on your strangely shaped
                  | body. [potion of mutation]
 68857 | Slime:4  | Lost mutation: [Scrolls take you a little longer to read.]
                  | [potion of mutation]
 68857 | Slime:4  | Gained mutation: Your flesh is heat resistant. (rF+)
                  | [potion of mutation]
 68857 | Slime:4  | Gained mutation: Your flesh is cold resistant. (rC+)
                  | [potion of mutation]
 69256 | Slime:5  | Entered Level 5 of the Pits of Slime
 69279 | Slime:5  | Gained mutation: [You are frail. (-10% HP)] [a shining eye]
 69693 | Slime:5  | Gained mutation: [You are dopey. (Int -2)] [a shining eye]
 69700 | Slime:5  | Received a gift from Okawaru
 69708 | Slime:5  | Lost intelligence.
 69779 | Slime:5  | Paralysed by a floating eye for 2 turns
 69949 | Slime:5  | Reached skill level 23 in Armour
 69991 | Slime:5  | Noticed the Royal Jelly
 70007 | Slime:5  | Killed the Royal Jelly
 70007 | Slime:5  | Received a gift from Okawaru
 71053 | Slime:5  | Found the +3 robe of Clouds {+Thunder rCloud rElec}
 71068 | Slime:5  | Got a slimy rune of Zot
 71398 | Slime:5  | Lost mutation: [You are dopey. (Int -2)] [potion of
                  | mutation]
 71398 | Slime:5  | Lost mutation: Your flesh is cold resistant. (rC+) [potion
                  | of mutation]
 71398 | Slime:5  | Lost mutation: [You are frail. (-10% HP)] [potion of
                  | mutation]
 71398 | Slime:5  | Lost mutation: Your flesh is heat resistant. (rF+) [potion
                  | of mutation]
 71398 | Slime:5  | Gained mutation: [Scrolls take you a little longer to
                  | read.] [potion of mutation]
 71398 | Slime:5  | Gained mutation: You passively map a small area around you.
                  | [potion of mutation]
 71398 | Slime:5  | Gained mutation: You are surrounded by a mild repulsion
                  | field. (EV +2) [potion of mutation]
 71398 | Slime:5  | Gained mutation: You possess an exceptional clarity of
                  | mind. [potion of mutation]
 71813 | Elf:1    | Entered Level 1 of the Elven Halls
 72063 | Elf:1    | Received a gift from Okawaru
 73173 | Elf:2    | Found Giabah's Antique Armour Emporium.
 73201 | Elf:2    | Noticed Asterion
 73210 | Elf:2    | Gained mutation: [Your spells are a little easier to cast,
                  | but a little less powerful.] [a cacodemon]
 73214 | Elf:2    | Killed Asterion
 73215 | Elf:2    | Reached skill level 22 in Dodging
 73271 | Elf:2    | Found a runed translucent gate.
 73271 | Elf:2    | Found a runed translucent gate.
 73271 | Elf:2    | Found a runed translucent gate.
 74054 | Elf:3    | Entered Level 3 of the Elven Halls
 74064 | Elf:3    | Received a gift from Okawaru
 74178 | Elf:3    | Reached XP level 26. HP: 251/251 MP: 32/32
 74194 | Elf:3    | Found Kaumareu's Antique Armour Shoppe.
 74697 | Elf:3    | Reached skill level 14 in Invocations
 74706 | Elf:3    | Lost intelligence.
 75126 | Elf:3    | Identified the ring "Giady" {*Contam rPois rCorr Int+3}
 75177 | Elf:3    | Got a slimy turquoise ring
 75181 | Elf:3    | Identified the Papyrus of Warped Transmigration
 75238 | Elf:3    | Identified the ring of Miracles {rElec rF+ Will- AC+4} (You
                  | found it on level 3 of the Elven Halls)
 75784 | Depths:1 | Voluntarily entered the Abyss.
 75830 | Abyss:1  | Acquired a manual of Dodging
 76034 | Abyss:2  | Reached skill level 24 in Staves
 76241 | Abyss:2  | Found a corrupted altar of Lugonu.
 76641 | Abyss:4  | Paralysed by accursed screaming for 1 turns
 76695 | Abyss:5  | Entered Level 5 of the Abyss
 76837 | Abyss:5  | Reached skill level 24 in Armour
 76897 | Abyss:5  | Reached skill level 24 in Fighting
 76970 | Abyss:5  | Reached skill level 18 in Throwing
 76982 | Abyss:5  | Lost intelligence.
 76989 | Abyss:5  | Gained mutation: You are clumsy. (Dex -2) [a neqoxec]
 76991 | Abyss:5  | Gained mutation: You are very clumsy. (Dex -4) [a neqoxec]
 76994 | Abyss:5  | Received a gift from Okawaru
 76998 | Abyss:5  | Got an ivory quarterstaff {god gift}
 77091 | Abyss:5  | HP: 5/203 [large abomination (19)]
 77093 | Abyss:5  | HP: 2/203 [large abomination (12)]
 77103 | Abyss:5  | HP: 9/177 [smoke demon/divine providence (13)]
 77104 | Abyss:5  | Killed from afar by a smoke demon

Vanquished Creatures
  the Royal Jelly (Slime:5)
  A juggernaut (Depths:3)
  Bai Suzhen (Vaults:5)
  Frederick (Depths:5)
  Vashnia (Snake:4)
  A caustic shrike (Depths:3)
  Xtahua (Vaults:5)
  4 golden dragons
  Nikola (Depths:1)
  A bone dragon (Abyss:5)
  A profane servitor (Swamp:3)
  the Enchantress (Depths:3)
  Jorgrun (Swamp:3)
  2 tentacled monstrosities
  A quicksilver dragon (Depths:3)
  5 liches
  2 deep elf master archers (Elf:3)
  2 titans
  2 deep elf blademasters (Elf:3)
  The ghost of nightchill the Earth Mage, an adept GrIE of Vehumet (Swamp:3)
  28 acid blobs
  4 tentacled starspawn
  8 sphinxes
  4 shadow dragons (Vaults:5)
  Agnes (Snake:3)
  7 tengu reavers
  2 thorn hunters
  2 storm dragons
  17 azure jellies
  A fenstrider witch (Swamp:3)
  10 frost giants
  9 nagarajas
  8 fire giants
  5 deep elf sorcerers
  3 cacodemons
  A draconian knight (Depths:5)
  An iron dragon (Depths:3)
  A ghost moth (shapeshifter) (Vaults:5)
  A draconian shifter (Depths:5)
  A caustic shrike zombie (Depths:4)
  11 vault wardens
  A juggernaut zombie (Depths:1)
  16 ironheart preservers
  4 deep elf elementalists
  A reaper (Depths:2)
  A draconian stormcaller (Depths:5)
  3 spriggan defenders (Depths:3)
  16 stone giants
  18 very ugly things
  2 war gargoyles (Vaults:5)
  8 deep elf demonologists
  2 vampire knights
  2 green draconians
  5 deep elf annihilators
  An entropy weaver (Vaults:5)
  Azrael (Snake:2)
  4 bunyips
  2 white draconians
  A black draconian (Depths:5)
  A red draconian (Depths:5)
  2 yellow draconians (Depths:5)
  11 spark wasps
  3 green deaths
  A minotaur (Gauntlet)
  5 blizzard demons
  14 ettins
  4 eleionomae
  A merfolk javelineer (Depths:5)
  6 death oozes
  9 deep elf death magi
  2 merfolk impalers
  14 fire dragons
  A mummy priest (Depths:2)
  10 yaktaur captains
  Josephine (D:11)
  8 deep elf high priests
  5 rakshasas
  The ghost of MajorAdolf the Fighter, a journeyman NaWn (D:10)
  33 vault guards
  The ghost of Jaiteiro the Cleaver, a journeyman GrBe of Trog (D:10)
  12 ice dragons
  A catoblepas (Lair:6)
  31 hydras
  11 boulder beetles
  A ghost crab (Swamp:1)
  4 spriggan air magi
  15 great orbs of eyes
  13 naga warriors
  3 death knights
  The ghost of mavignon the Spear-Bearer, a journeyman VSBe of Trog (D:10)
  6 anacondas
  9 centaur warriors
  The ghost of Cokeysmoke the Slicer, a journeyman GnWn of Okawaru (D:11)
  Erica (D:8)
  An anaconda (shapeshifter) (Depths:3)
  32 dancing weapons
  12 ogre magi
  7 deep troll shamans
  6 tengu warriors
  41 two-headed ogres
  6 alligators
  7 orc high priests
  A death yak (Depths:2)
  A vampire mage (Depths:4)
  13 naga sharpshooters
  15 deep troll earth magi
  7 shock serpents
  9 thrashing horrors
  4 spriggan berserkers
  Urug (Lair:3)
  Nergalle (D:11)
  21 deep elf knights
  2 salamander mystics
  10 wretched stars
  An iron troll (Depths:4)
  8 sea snakes (Snake:4)
  A skeletal warrior (D:14)
  2 fire crabs (shapeshifter)
  A sixfirhy (Abyss:5)
  19 large abominations
  3 goliath frogs
  3 shadow wraiths
  2 spatial maelstroms (Abyss:5)
  15 hell knights
  A fire crab (D:14)
  7 unseen horrors
  10 swamp dragons
  A shadow demon (Abyss:5)
  3 wizards
  5 flayed ghosts
  2 spriggan druids
  18 deep elf archers
  32 deep trolls
  7 bog bodies
  4 glowing orange brains
  3 lindwurms (Depths:2)
  An orb spider (Abyss:2)
  A swamp dragon (shapeshifter) (Elf:3)
  2 lindwurms (shapeshifter)
  3 phantasmal warriors
  4 necromancers
  5 naga ritualists
  13 ironbrand convokers
  15 orc knights
  An obsidian statue (Gauntlet)
  A sphinx zombie (Depths:4)
  2 wolf spiders
  13 mana vipers
  A harpy (shapeshifter) (Vaults:1)
  7 harpies (Vaults:2)
  77 deep elf magi
  11 shining eyes
  A wolf spider zombie (D:14)
  42 ugly things
  3 worldbinders
  2 orc sorcerers
  142 slime creatures
  A will-o-the-wisp (Swamp:3)
  9 salamanders
  A fire giant zombie (Depths:1)
  7 cyclopes
  3 manticores
  33 black mambas
  10 elephants (Lair:4)
  7 guardian serpents
  Maurice (Orc:1)
  3 ice statues (IceCv)
  An apocalypse crab (Abyss:5)
  A frost giant skeleton (Depths:1)
  A black mamba (shapeshifter) (Vaults:4)
  6 eyes of devastation
  3 smoke demons
  A torpor snail (Lair:6)
  2 rust devils (Depths:3)
  11 vault sentinels
  22 cane toads
  3 gargoyles
  12 naga magi
  A hellion (Swamp:3)
  An orange demon (Abyss:2)
  6 centaur skeletons
  4 rime drakes
  A yaktaur (shapeshifter) (Vaults:4)
  An efreet (D:14)
  4 freezing wraiths
  13 komodo dragons
  44 yaktaurs
  3 guardian mummies
  2 komodo dragons (shapeshifter)
  A demonic crawler (Abyss:4)
  A hellwing (Depths:3)
  4 ice devils
  A rime drake (shapeshifter) (Vaults:4)
  An elf skeleton (Depths:4)
  A harpy zombie (D:15)
  8 trolls
  2 meliai (Abyss:3)
  A jumping spider (shapeshifter) (Vaults:5)
  3 tengu conjurers
  18 tyrant leeches
  5 ancient zymes
  A troll (shapeshifter) (Depths:5)
  A polar bear (shapeshifter) (Vaults:5)
  3 polar bears
  A raiju (shapeshifter) (Vaults:4)
  16 hornets
  26 blink frogs
  7 raiju
  A meliai zombie (D:15)
  4 dream sheep (Lair:6)
  A spriggan zombie (Depths:1)
  4 air elementals
  2 frost giant simulacra
  3 redbacks (Depths:2)
  A shapeshifter (D:13)
  17 spriggans
  A tarantella (Vaults:5)
  11 wraiths
  2 ynoxinuls
  5 wyverns
  A yak (shapeshifter) (Depths:3)
  6 fire elementals
  9 basilisks
  58 yaks
  21 water elementals
  3 neqoxecs (Abyss:5)
  The ghost of diana the Skirmisher, an amateur DsGl (D:4)
  A fire bat (shapeshifter) (Depths:1)
  A chaos spawn (Abyss:5)
  16 golden eyes
  10 vampire mosquitoes
  A warg (shapeshifter) (D:9)
  A naga (shapeshifter) (D:13)
  13 swamp worms
  A spatial vortex (Abyss:5)
  4 acid dragons
  2 soldier ants
  5 wargs
  57 nagas
  2 soldier ants (shapeshifter)
  28 water moccasins
  3 hell hounds (Snake:2)
  3 floating eyes
  9 ice beasts
  2 phantoms
  43 orc warriors
  10 swamp drakes
  4 sky beasts
  A necrophage (D:10)
  5 starcursed masses (Abyss:4)
  4 black bears
  An eye of draining (shapeshifter) (Vaults:4)
  43 ogres
  11 eyes of draining
  An ogre (shapeshifter) (Vaults:5)
  19 wolves
  13 boggarts
  7 centaurs
  3 big kobolds
  27 bullfrogs
  2 earth elementals (Elf:1)
  3 scorpions
  7 killer bees
  9 wights
  5 howler monkeys
  2 electric eels
  6 crimson imps
  2 bullfrog zombies
  4 quasits
  9 jellies
  5 centaur zombies
  8 hounds
  3 human simulacra
  36 orc wizards
  Crazy Yiuf (D:7)
  34 orc priests
  3 iguanas
  2 iron imps
  4 bullfrog skeletons
  2 hell rats (Lair:3)
  9 worker ants
  8 small abominations
  A hound zombie (D:9)
  2 hound skeletons
  A mummy (Depths:2)
  10 river rats (Lair:3)
  21 adders
  3 shadow imps
  10 white imps
  5 ufetubi
  An adder zombie (D:5)
  An ooze (D:1)
  An adder skeleton (D:7)
  2 worms
  A dart slug (D:4)
  2 leopard geckos
  107 orcs
  7 ball pythons
  5 giant cockroaches
  14 hobgoblins
  5 jackals
  6 quokkas
  A ball python zombie (D:5)
  8 bats
  6 frilled lizards
  8 goblins
  17 kobolds
  5 rats
  A lurking horror (Abyss:5)
  A starspawn tentacle (Abyss:5)
2415 creatures vanquished.

Vanquished Creatures (others)
  Asterion (Elf:2)
  A deep elf annihilator (Elf:3)
  A deep troll earth mage (Depths:1)
  A deep elf mage (Elf:1)
  A bloated husk (Swamp:4)
  2 water elementals (Depths:4)
  A vampire mosquito (Swamp:4)
  A small abomination (Abyss:5)
  5 bushes
  2 demonic plants (Abyss:4)
  2 foxfires (Swamp:3)
  68 fungi
  171 plants
  12 starspawn tentacles (Abyss:5)
269 creatures vanquished.

Grand Total: 2684 creatures vanquished

Table legend: (Time is in decaauts)
 A = Elapsed time spent in this place.
 B = Non-inter-level travel time spent in this place.
 C = Inter-level travel time spent in this place.
 D = Time resting spent in this place.
 E = Time spent auto-exploring this place.
 F = Levels seen in this place.
 G = Mean time per level.
                   A        B        C        D        E       F      G
               +--------+--------+--------+--------+--------+-----+--------+
         Total |  75389 |  69243 |   6146 |  15509 |  34041 |  57 | 1322.6 |
       Dungeon |  17829 |  15677 |   2152 |   3289 |   6972 |  15 | 1188.6 |
          Lair |   8699 |   7452 |   1247 |   1143 |   4028 |   6 | 1449.8 |
         Swamp |   4166 |   3815 |    351 |    764 |   1939 |   4 | 1041.5 |
     Snake Pit |   5817 |   5609 |    208 |   1215 |   2985 |   4 | 1454.2 |
    Slime Pits |   5742 |   5423 |    319 |   1450 |   2799 |   5 | 1148.4 |
  Orcish Mines |   2893 |   2499 |    394 |    454 |   1194 |   2 | 1446.5 |
   Elven Halls |   3683 |   3529 |    154 |    279 |   2282 |   3 | 1227.7 |
        Vaults |  10128 |   9428 |    700 |   1232 |   5583 |   5 | 2025.6 |
        Depths |  13916 |  13296 |    620 |   5063 |   5805 |   5 | 2783.2 |
         Abyss |   1262 |   1262 |      0 |    176 |      0 |   5 |  252.4 |
         Trove |     55 |     55 |      0 |      0 |      5 |   1 |   55.0 |
      Ice Cave |    546 |    546 |      0 |    393 |      0 |   1 |  546.0 |
      Gauntlet |    648 |    648 |      0 |     47 |    445 |   1 |  648.0 |
               +--------+--------+--------+--------+--------+-----+--------+

Top non-repeatable levels by time:
Depths:1: 3885 daAuts
Depths:4: 3045 daAuts
    D:11: 2832 daAuts
Depths:3: 2628 daAuts
 Snake:4: 2496 daAuts
Depths:2: 2441 daAuts
Vaults:5: 2338 daAuts
Vaults:4: 2097 daAuts
Vaults:2: 1987 daAuts
Vaults:1: 1981 daAuts
Depths:5: 1916 daAuts
  Lair:3: 1891 daAuts
 Slime:4: 1858 daAuts
  Lair:5: 1785 daAuts
Vaults:3: 1723 daAuts

Table legend:
 A = Non-vault XP
 B = Vault XP
 C = Vault XP percentage of total XP
 D = Non-vault monster count
 E = Vault monster count
 F = Vault count percentage of total count
                 A         B        C        D         E       F
            +---------+---------+-------+---------+---------+-------
      Total |  722142 |  617673 |  46.1 |    1558 |     836 |  34.9
            +---------+---------+-------+---------+---------+-------
        D:1 |      24 |       0 |   0.0 |      13 |       0 |   0.0
        D:2 |      73 |       0 |   0.0 |      21 |       0 |   0.0
        D:3 |      48 |       0 |   0.0 |      20 |       0 |   0.0
        D:4 |     255 |     496 |  66.0 |      12 |       8 |  40.0
        D:5 |     625 |     176 |  22.0 |      27 |       2 |   6.9
        D:6 |     106 |       0 |   0.0 |       6 |       0 |   0.0
        D:7 |     462 |      41 |   8.2 |      10 |       1 |   9.1
        D:8 |    1452 |     907 |  38.4 |      35 |       1 |   2.8
        D:9 |    1057 |    2539 |  70.6 |      11 |      17 |  60.7
       D:10 |    1671 |    3417 |  67.2 |      10 |      29 |  74.4
       D:11 |   10319 |    3718 |  26.5 |      51 |       7 |  12.1
       D:12 |    4841 |       0 |   0.0 |      36 |       0 |   0.0
       D:13 |    5321 |    1178 |  18.1 |      34 |       4 |  10.5
       D:14 |   14261 |    4410 |  23.6 |      41 |       6 |  12.8
       D:15 |   28239 |    4480 |  13.7 |      48 |       9 |  15.8
     Lair:1 |    2317 |     451 |  16.3 |      12 |       3 |  20.0
     Lair:2 |    6074 |     551 |   8.3 |      25 |       4 |  13.8
     Lair:3 |    4573 |    2988 |  39.5 |      19 |      21 |  52.5
     Lair:4 |   10560 |       0 |   0.0 |      40 |       0 |   0.0
     Lair:5 |   11779 |    2492 |  17.5 |      28 |      13 |  31.7
     Lair:6 |   14937 |   12322 |  45.2 |      51 |      49 |  49.0
    Swamp:1 |   13035 |       0 |   0.0 |      19 |       0 |   0.0
    Swamp:2 |    8326 |       0 |   0.0 |      10 |       0 |   0.0
    Swamp:3 |   16904 |   18055 |  51.6 |      31 |      12 |  27.9
    Swamp:4 |   10509 |   21784 |  67.5 |      23 |      31 |  57.4
    Snake:1 |   14419 |    2132 |  12.9 |      26 |       4 |  13.3
    Snake:2 |   11202 |    6062 |  35.1 |      22 |      11 |  33.3
    Snake:3 |   11162 |    2092 |  15.8 |      21 |       1 |   4.5
    Snake:4 |   17567 |   44830 |  71.8 |      41 |      63 |  60.6
    Slime:1 |   15244 |       0 |   0.0 |      35 |       0 |   0.0
    Slime:2 |   16873 |       0 |   0.0 |      37 |       0 |   0.0
    Slime:3 |   26009 |       0 |   0.0 |      42 |       0 |   0.0
    Slime:4 |   27154 |     262 |   1.0 |      55 |       1 |   1.8
    Slime:5 |   13729 |   31184 |  69.4 |      18 |      10 |  35.7
      Orc:1 |    4463 |    2791 |  38.5 |      36 |      24 |  40.0
      Orc:2 |    1242 |   11018 |  89.9 |      17 |      61 |  78.2
      Elf:1 |   16877 |   15578 |  48.0 |      27 |      25 |  48.1
      Elf:2 |   15128 |   22660 |  60.0 |      22 |      28 |  56.0
      Elf:3 |   18617 |   25327 |  57.6 |      31 |      24 |  43.6
   Vaults:1 |   29488 |   30985 |  51.2 |      46 |      47 |  50.5
   Vaults:2 |   33676 |    9042 |  21.2 |      62 |      15 |  19.5
   Vaults:3 |   15214 |   15916 |  51.1 |      34 |      21 |  38.2
   Vaults:4 |   18678 |   22151 |  54.3 |      28 |      28 |  50.0
   Vaults:5 |   16508 |  119874 |  87.9 |      23 |      93 |  80.2
   Depths:1 |   44026 |   15992 |  26.6 |      46 |      13 |  22.0
   Depths:2 |   44119 |   20690 |  31.9 |      48 |      35 |  42.2
   Depths:3 |   22492 |   62648 |  73.6 |      31 |      41 |  56.9
   Depths:4 |   37320 |   38677 |  50.9 |      42 |      24 |  36.4
   Depths:5 |   22530 |   26342 |  53.9 |      30 |      17 |  36.2
    Abyss:2 |   14063 |       0 |   0.0 |      32 |       0 |   0.0
    Abyss:3 |      48 |    1434 |  96.8 |       2 |       3 |  60.0
    Abyss:4 |    6419 |     225 |   3.4 |      15 |       7 |  31.8
    Abyss:5 |   40107 |    3048 |   7.1 |      56 |       6 |   9.7
      IceCv |       0 |    3152 | 100.0 |       0 |      11 | 100.0
   Gauntlet |       0 |    3556 | 100.0 |       0 |       6 | 100.0
            +---------+---------+-------+---------+---------+-------
